 Dungeon Crawl Stone Soup version 0.21-a0-91-ga5031da (webtiles) character file.

2100 MackTheKnife the Slasher (level 9, -8/55 HPs)
             Began as a Tengu Gladiator on June 29, 2017.
             Was a Believer of Qazlal.
             Mangled by a wight
             ... wielding a cursed +2 morningstar of draining
              (11 damage)
             ... on level 6 of the Dungeon.
             The game lasted 00:07:48 (5557 turns).

MackTheKnife the Slasher (Tengu Gladiator)          Turns: 5557, Time: 00:07:48

Health: -8/55      AC:  6    Str: 19    XL:     9   Next: 28%
Magic:  10/10      EV: 13    Int:  9    God:    Qazlal [**....]
Gold:   230        SH:  2    Dex: 17    Spells: 8/8 levels left

rFire    . . .     SeeInvis .   a - +8 hunting sling of the Enemy {freeze, Str+3 Stlth-}
rCold    . . .     Gourm    .   (no shield)
rNeg     . . .     Faith    .   u - +0 ring mail
rPois    .         Spirit   .   c - +1 hat
rElec    .         Reflect  .   (no cloak)
rCorr    .         Harm     .   (no gloves)
MR       .....                  (boots unavailable)
Stlth    ..........             (no amulet)
HPRegen  0.18/turn              (no ring)
MPRegen  0.12/turn              (no ring)

@: about to teleport, heavily drained
A: beak, talons 3, able to fly 1
a: Fly, Upheaval, Renounce Religion


You were on level 6 of the Dungeon.
You worshipped Qazlal.
Qazlal was pleased with you.
You were not hungry.

You visited 1 branch of the dungeon, and saw 6 of its levels.

You collected 230 gold pieces.

Inventory:

Hand Weapons
 a - the +8 hunting sling of the Enemy (weapon) {freeze, Str+3 Stlth-}
   (You found it on level 5 of the Dungeon)

   It causes projectiles fired from it to freeze those they strike, causing
   extra injury to most foes and up to half again as much damage against
   particularly susceptible opponents.
   They can also slow down cold-blooded creatures.
   It affects your strength (+3).
   It makes you less stealthy.
 b - a +3 falchion of draining
   (You took it off Eustachio on level 6 of the Dungeon)
 C - a +1 dagger of protection
   (You took it off an orc wizard on level 6 of the Dungeon)
Missiles
 d - 3 throwing nets {=f, !d}
 v - 8 curare-tipped needles
 y - 193 stones (quivered)
Armour
 c - a +1 hat (worn)
 u - a +0 ring mail (worn)
   (You found it on level 3 of the Dungeon)
 x - a +1 robe of resistance
   (You took it off an orc wizard on level 6 of the Dungeon)
Scrolls
 h - 5 scrolls of amnesia
 i - 6 scrolls of recharging
 j - 3 scrolls of immolation {!r}
 m - a scroll of teleportation
 s - a scroll of noise {unknown}
 A - a scroll of remove curse {unknown}
 B - a scroll of identify
Potions
 e - a potion of flight
 l - a potion of brilliance
 n - 2 potions of haste {unknown}
 o - a potion of magic {unknown}
 p - a potion of curing
 q - a potion of lignification {!q}
 r - a potion of ambrosia
 t - a potion of agility {unknown}
 w - a potion of might {unknown}
 z - a potion of mutation {unknown}
Comestibles
 f - 3 bread rations {@e1}
 g - 2 meat rations {@e2}
 k - 5 royal jellies


   Skills:
 - Level 5.7(4.0) Fighting
 - Level 7.4(5.7) Long Blades
 + Level 7.4(5.8) Slings
 - Level 2.0(3.5) Throwing
 - Level 5.8(4.2) Dodging


You had 8 spell levels left.
You didn't know any spells.

Dungeon Overview and Level Annotations

Branches:
Dungeon (6/15)             Temple (0/1) D:4

Altars:
Elyvilon
Fedhas
Qazlal
Ru
Sif Muna

Shops:
D:6 *


Innate Abilities, Weirdness & Mutations

You have a beak for a mouth.
You have claws for feet.
You can fly.


Message History

The bullfrog seems to slow down.
The stone freezes the bullfrog.
The bullfrog hits you!
You take 7 damage, and have 48/55 hp.
Aim: a bullfrog (severely wounded, slow)
You shoot a stone. The stone hits the bullfrog!
The bullfrog seems to slow down.
The stone freezes the bullfrog.
You kill the bullfrog!
Qazlal accepts your kill.
No target in view!
No target in view!
y - 186 stones (gained 3)
You see here a bullfrog corpse.
y - 187 stones (gained 1)
You now have 230 gold pieces (gained 13).
You see here a bullfrog corpse.
An orc comes into view. It is wielding a dagger.
The orc shouts!
Health restored: 55 An orc is nearby!
An orc is nearby!
Aim: an orc, wielding a dagger You shoot a stone.
The stone hits the orc!
The stone freezes the orc.
You kill the orc!
Qazlal accepts your kill.
No target in view!
No target in view!
No target in view!
No target in view!
y - 187 stones (gained 1)
You see here a dagger.
y - 210 stones (gained 23)
Things that are here:
a club; a ring mail; a chain mail A wight comes into view.
It is wielding an enchanted mace.
A wight is nearby!
A wight is nearby!
Aim: a wight, wielding an enchanted mace and wearing a robe (hasn't noticed you)
You shoot a stone. The stone hits the wight.
Aim: a wight, wielding an enchanted mace and wearing a robe (lightly damaged)
You shoot a stone. The stone closely misses the wight.
Aim: a wight, wielding an enchanted mace and wearing a robe (lightly damaged)
You shoot a stone. The stone barely misses the wight.
A wight comes into view. It is wielding an enchanted spear.
Aim: a wight, wielding an enchanted mace and wearing a robe (lightly damaged)
You shoot a stone. The stone barely misses the wight.
Aim: a wight, wielding an enchanted mace and wearing a robe (lightly damaged)
You shoot a stone. The stone barely misses the wight.
Aim: a wight, wielding an enchanted mace and wearing a robe (lightly damaged)
You shoot a stone. The stone hits the wight.
Aim: a wight, wielding an enchanted mace and wearing a robe (lightly damaged)
You shoot a stone.
The stone hits the wight. 2 wights come into view.
A wight is wielding a morningstar of draining.
Aim: a wight, wielding an enchanted mace and wearing a robe (moderately damaged)
You shoot a stone. The stone hits the wight.
Aim: a wight, wielding an enchanted mace and wearing a robe (heavily damaged)
You shoot a stone. The stone barely misses the wight.
The wight closely misses you.
Aim: a wight, wielding an enchanted mace and wearing a robe (heavily damaged)
You shoot a stone. The stone hits the wight!
You destroy the wight!
Qazlal accepts your kill.
The wight hits you from afar with an enchanted spear.
You take 6 damage, and have 49/55 hp.
Aim: a wight, wielding an enchanted spear and wearing a robe You shoot a stone.
The stone hits the wight!
The wight closely misses you.
Aim: a wight, wielding an enchanted spear and wearing a robe (heavily damaged)
You shoot a stone. The stone hits the wight!
You destroy the wight!
Qazlal accepts your kill.
Aim: a wight, wielding an enchanted trident and wearing a robe You shoot a stone.
The stone hits the wight.
Aim: a wight, wielding an enchanted trident and wearing a robe (moderately damaged)
You shoot a stone. The stone hits the wight.
The wight closely misses you.
Aim: a wight, wielding an enchanted trident and wearing a robe (moderately damaged)
You shoot a stone. The stone hits the wight!
The wight misses you.
The wight hits you with a morningstar of draining!
You feel drained.
You feel drained.
You take 17 damage, and have 32/55 hp.
MASSIVE DAMAGE!!
Aim: a wight, wielding a morningstar of draining and wearing a robe (severely damaged)
You shoot a stone. The stone hits the wight.
The wight hits you from afar with an enchanted trident.
You take 2 damage, and have 30/55 hp.
Aim: a wight, wielding a morningstar of draining and wearing a robe (severely damaged)
You shoot a stone. The stone closely misses the wight.
The wight hits you with a morningstar of draining!
* * * LOW HITPOINT WARNING * * *
You feel drained.
* * * LOW HITPOINT WARNING * * *
You feel drained.
* * * LOW HITPOINT WARNING * * *
You block the wight's attack.
You take 27 damage, and have 3/55 hp.
MASSIVE DAMAGE!!
As you read the scroll of teleportation, it crumbles to dust.
You feel strangely unstable.
The wight hits you with a morningstar of draining!
You die...

#.<..###..## .# #...##.....# ..#
##..#......# #..# ##.#.......#
#..# #..........# #### #..##
#..........# #..#####..##
##..........#
#......##..###.....))....# #
#...(.....z@##.......<...# ##
##.........)..#.....).....#
.####.........z>..............#
.............(......#.........#
............(.......##........#
....####..((...#####.##.......###
....## #.(.......................
.....###.........................
..........P.P.P.P.P)P.P.P.P.P.P.P


You could see 2 wights.

Vanquished Creatures
  Prince Ribbit (D:6)
  Eustachio (D:6)
  A hungry ghost (D:6)
  2 orc warriors (D:6)
  A black bear (D:4)
  4 ogres
  2 bullfrogs (D:6)
  5 wights (D:6)
  A centaur zombie (D:6)
  A quasit (D:6)
  A centaur skeleton (D:6)
  3 orc priests
  5 orc wizards
  A jelly (D:6)
  An iguana (D:5)
  4 worker ants
  A hound skeleton (D:5)
  3 gnolls (D:4)
  8 adders
  2 oozes (D:1)
  2 adder skeletons
  A worm (D:2)
  A dart slug (D:1)
  3 leopard geckos
  15 orcs
  5 giant cockroaches
  3 hobgoblins
  3 jackals (D:3)
  8 kobolds
  3 quokkas
  A ball python (D:2)
  5 bats
  8 frilled lizards
  10 goblins
  10 rats
126 creatures vanquished.

Notes
Turn   | Place    | Note
-------+----------+-------------------------------------------
     0 | D:1      | MackTheKnife the Tengu Gladiator began the quest for the Orb.
     0 | D:1      | Reached XP level 1. HP: 12/12 MP: 2/2
   300 | D:1      | Reached XP level 2. HP: 17/17 MP: 3/3
   303 | D:1      | Reached skill level 4 in Long Blades
   782 | D:1      | Reached XP level 3. HP: 21/21 MP: 4/4
  1070 | D:2      | Reached skill level 5 in Long Blades
  1076 | D:2      | Found a sacrificial altar of Ru.
  1080 | D:2      | Found a stormy altar of Qazlal.
  1239 | D:2      | You fall through a shaft for 2 floors!
  1257 | D:4      | Found a white marble altar of Elyvilon.
  1260 | D:4      | Reached XP level 4. HP: 26/26 MP: 5/5
  1298 | D:2      | Became a worshipper of Qazlal Stormbringer
  1631 | D:3      | Reached skill level 6 in Long Blades
  1631 | D:3      | Gained mutation: You can fly. [Tengu growth]
  1631 | D:3      | Reached XP level 5. HP: 29/30 MP: 6/6
  1841 | D:3      | Reached skill level 3 in Fighting
  1905 | D:3      | Reached XP level 6. HP: 26/37 MP: 7/7
  1937 | D:3      | Reached * piety under Qazlal
  2600 | D:4      | Noticed a black bear
  2621 | D:4      | Killed a black bear
  2699 | D:4      | Reached skill level 7 in Long Blades
  2979 | D:4      | Reached skill level 4 in Fighting
  2979 | D:4      | Reached skill level 4 in Dodging
  2979 | D:4      | Reached XP level 7. HP: 30/43 MP: 8/8
  3150 | D:4      | You fall through a shaft!
  3150 | D:5      | Entered Level 5 of the Dungeon
  3441 | D:4      | Found a staircase to the Ecumenical Temple.
  3539 | D:5      | Got a shimmering hunting sling
  3564 | D:5      | Identified the +8 hunting sling of the Enemy {freeze, Str+3 Stlth-} (You found it on level 5 of the Dungeon)
  3824 | D:5      | Found a deep blue altar of Sif Muna.
  4579 | D:6      | Reached skill level 5 in Dodging
  4621 | D:6      | Reached skill level 5 in Fighting
  4621 | D:6      | Reached XP level 8. HP: 27/49 MP: 9/9
  4931 | D:6      | Found a blossoming altar of Fedhas.
  4932 | D:6      | Noticed Eustachio
  4942 | D:6      | Killed Eustachio
  4942 | D:6      | Reached skill level 2 in Slings
  4998 | D:6      | Reached skill level 3 in Slings
  5008 | D:6      | Found Nuzuawk's General Store.
  5107 | D:6      | Noticed Prince Ribbit
  5111 | D:6      | Killed Prince Ribbit
  5111 | D:6      | Reached skill level 5 in Slings
  5253 | D:6      | Reached skill level 6 in Slings
  5253 | D:6      | Reached XP level 9. HP: 55/55 MP: 10/10
  5286 | D:6      | Reached ** piety under Qazlal
  5371 | D:6      | Reached skill level 7 in Slings
  5556 | D:6      | HP: 9/55 [wight/morningstar of draining (5)]
  5556 | D:6      | HP: 3/55 [wight/morningstar of draining (6)]
  5557 | D:6      | Mangled by a wight

Vault maps used:
D:1:      dpeg_arrival_connections
D:2:      grunt_temple_overflow_open
D:3:      cheibrodos_pilgrimage
D:4:      black_bear_nest_1, elyvilon_altar_5,
          minmay_temple_entry_enclosed_plants, first_bread,
          minmay_item_behind_shaft
D:5:      led_sif_pool
D:6:      fedhas_altar_1, serial_park, serial_park_tiny_1, serial_park_avenue1,
          serial_park_tiny_1, serial_park_tiny_pond, serial_shops,
          nicolae_shop_behind_doors, uniq_eustachio, uniq_prince_ribbit1

Skill      XL: |  1  2  3  4  5  6  7  8  9 |
---------------+----------------------------+-----
Long Blades    | 4 5 6 7 |  7.4
Fighting       | 3 4 5 |  5.7
Dodging        | 4 5 |  5.8
Slings         | 6 7 |  7.4
Throwing       | |  2.0

Action                   |  1- 3 |  4- 6 |  7- 9 || total
-------------------------+-------+-------+-------++-------
Melee: Long sword        |    62 |   114 |    36 ||   212
       Kick              |    20 |    34 |     9 ||    63
       Peck              |     6 |    20 |    10 ||    36
       Falchion          |       |       |     3 ||     3
 Fire: Hunting sling     |       |       |   150 ||   150
  Use: Scroll            |       |     1 |     9 ||    10
       Potion            |       |     7 |     1 ||     8
  Eat: Chunk             |     1 |     6 |     2 ||     9
       Bread ration      |       |       |     2 ||     2
Armor: Leather armour    |    19 |    18 |       ||    37
       Skin              |       |    19 |       ||    19
       Ring mail         |       |    11 |    29 ||    40
Dodge: Dodged            |    35 |    67 |    78 ||   180
Block: Other             |       |     2 |    15 ||    17
       Rpst.: Long sword |    14 |    17 |     7 ||    38

Vault maps used:
D:1:      dpeg_arrival_connections
D:2:      grunt_temple_overflow_open
D:3:      cheibrodos_pilgrimage
D:4:      black_bear_nest_1, elyvilon_altar_5,
          minmay_temple_entry_enclosed_plants, first_bread,
          minmay_item_behind_shaft
D:5:      led_sif_pool
D:6:      fedhas_altar_1, serial_park, serial_park_tiny_1, serial_park_avenue1,
          serial_park_tiny_1, serial_park_tiny_pond, serial_shops,
          nicolae_shop_behind_doors, uniq_eustachio, uniq_prince_ribbit1

Table legend:
 A = Turns spent in this place as a percentage of turns spent in the entire game.
 B = Non-inter-level travel turns spent in this place as a percentage of non-inter-level travel turns spent in the entire game.
 C = Inter-level travel turns spent in this place as a percentage of turns spent in this place.
 D = Turns resting spent in this place as a percentage of non-inter-level travel turns spent in this place.
 E = Turns spent auto-exploring this place as a percentage of non-inter-level travel turns spent in this place.
 F = Non-inter-level travel turns spent in this place divided by the number of levels of this place that you've seen.
                   A       B       C       D       E      F
               +-------+-------+-------+-------+-------+----------------------
         Total | 100.0 | 100.0 |   1.3 |   3.0 |  14.2 | 207.3
       Dungeon | 100.0 | 100.0 |   1.3 |   3.0 |  14.2 | 207.3
               +-------+-------+-------+-------+-------+----------------------

Table legend:
 A = Kills in this place as a percentage of kills in entire the game.
 B = Kills by you in this place as a percentage of kills by you in the entire game.
 C = Kills by friends in this place as a percentage of kills by friends in the entire game.
 D = Other kills in this place as a percentage of other kills in the entire game.
 E = Experience gained in this place as a percentage of experience gained in the entire game.
 F = Experience gained in this place divided by the number of levels of this place that you have seen.
                   A       B       C       D       E      F
               +-------+-------+-------+-------+-------+----------------------
         Total | 100.0 | 100.0 |  -nan |  -nan | 100.0 | 500.2
       Dungeon | 100.0 | 100.0 |  -nan |  -nan | 100.0 | 500.2
               +-------+-------+-------+-------+-------+----------------------
